 Dungeon Crawl Stone Soup version 0.21.1-1-g345015f (webtiles) character file.

752 Goblin1989 the Insei (level 7, -2/76 HPs)
             Began as a Demonspawn Transmuter on Mar 20, 2018.
             Was a Follower of Cheibriados.
             Slain by an orc warrior
             ... wielding a +0 mace
              (9 damage)
             ... on level 5 of the Dungeon.
             The game lasted 00:16:56 (7658 turns).

Goblin1989 the Insei (Demonspawn Transmuter)        Turns: 7658, Time: 00:16:57

Health: -2/76      AC: 23    Str: 18    XL:     7   Next: 49%
Magic:  1/11       EV:  2    Int: 20    God:    Cheibriados [*.....]
Gold:   336        SH:  3    Dex: 16    Spells: 2/12 levels left

rFire    . . .     SeeInvis .     - Unarmed
rCold    . . .     Gourm    .   (no shield)
rNeg     + + +     Faith    .   (armour currently unavailable)
rPois    +         Spirit   .   (helmet currently unavailable)
rElec    .         Reflect  +   (cloak currently unavailable)
rCorr    .         Harm     .   (gloves unavailable)
MR       .....     NoTele   +   (boots currently unavailable)
Stlth    +++.......             n - +3 amulet of reflection
HPRegen  0.22/turn              y - ring of positive energy
MPRegen  0.12/turn              (no ring)

@: mighty, tree-form, very slightly contaminated, very slow
A: nightstalker 1
a: Bend Time, Renounce Religion


You were on level 5 of the Dungeon.
You worshipped Cheibriados.
Cheibriados was aware of your devotion.
You were near starving.
You were a tree.
You visited 1 branch of the dungeon, and saw 5 of its levels.

You collected 336 gold pieces.

Inventory:

Missiles
 a - 52 arrows
 g - 163 stones (quivered) {@Q3}
 U - 9 sling bullets
Armour
 b - a +0 robe (melded)
 w - a +2 shield
 x - a +0 ring mail
 D - a +0 helmet
Jewellery
 n - a +3 amulet of reflection (around neck)
 y - a ring of positive energy (left branch)
Wands
 F - a wand of disintegration (11)
Scrolls
 o - 2 scrolls of blinking {unknown}
 t - a scroll of magic mapping {unknown}
 v - 2 scrolls of remove curse {unknown}
 z - a scroll of noise {unknown}
 A - a scroll of enchant armour {unknown}
 E - 4 scrolls of enchant weapon {unknown}
 G - a scroll of amnesia {unknown}
 R - a scroll of identify {@r1}
 T - 3 scrolls of teleportation {!r, @r3}
Potions
 h - 2 potions of might
 k - a potion of cancellation {unknown}
 m - a potion of lignification
 p - 2 potions of resistance {unknown}
 s - a potion of curing {unknown}
 C - a potion of heal wounds {unknown}
 H - a potion of invisibility {unknown}
Books
 c - a book of Changes

   Spells                             Type                      Level
   a - Beastly Appendage              Transmutation                1
   b - Sticks to Snakes               Transmutation                2
   c - Spider Form                    Transmutation/Poison         3
   d - Ice Form                       Ice/Transmutation            4
   e - Blade Hands                    Transmutation                5
Comestibles
 e - 12 rations


   Skills:
 + Level 2.6 Fighting
 - Level 0.8 Armour
 + Level 3.0 Dodging
 * Level 2.2 Stealth
 + Level 1.2 Shields
 * Level 5.0 Unarmed Combat
 + Level 3.1 Spellcasting
 * Level 3.7 Transmutations
 + Level 0.2 Ice Magic


You had 2 spell levels left.
You knew the following spells:

 Your Spells              Type           Power        Failure   Level  Hunger
a - Beastly Appendage     Tmut           ###...       3%          1    None
b - Sticks to Snakes      Tmut           ###.....     4%          2    ##.....
c - Spider Form           Tmut/Pois      ##........   19%         3    ###....
d - Ice Form              Ice/Tmut       ##......     52%         4    ####...


Dungeon Overview and Level Annotations

Branches:
Dungeon (5/15)             Temple (0/1) D:4

Altars:
Cheibriados
Kikubaaqudgha
Okawaru

Shops:
D:5 :

Annotations:
D:2 1 runed door, exclusion: gnoll, Sigmund
D:4 exclusion: Natasha, Natasha


Innate Abilities, Weirdness & Mutations

((You have claws for hands.))
You are slightly more attuned to the shadows.
((When seriously injured, your bleeding wounds create armour. (AC +0)))


Message History

You hear a shout! x3
The orc closely misses you. The orc hits you with a short sword.
You barely miss the orc warrior.
The orc warrior is moderately wounded.
The orc warrior closely misses you.
The orc hits you with a flail of protection.
The orc hits you with a short sword.
Your blood congeals into armour.
An orc priest comes into view.
You take 5 damage, and have 34/51 hp.
The orc hits you. The orc hits you with a short sword.
The orc barely misses you.
There is an open door, spattered with blood here.
You take 4 damage, and have 30/51 hp.
The orc warrior hits you with a mace!
You take 7 damage, and have 23/51 hp.
As you read the scroll labeled YGI FUESEASAHU, it crumbles to dust.
You feel strangely unstable.
It was a scroll of teleportation.
T - 3 scrolls of teleportation
n - a +3 amulet of reflection (around neck) MP restored: 11 The orc warrior closely misses you.
The orc priest looks satisfied for a moment.
Your surroundings suddenly seem different.
There is a stone staircase leading down here.
There is a stone staircase leading up here.
You regained 6 hp, and now have 30/51 hp.
You start resting.
Your blood armour dries and flakes away.
You regained 5 hp, and now have 35/51 hp.
You start resting.
HP restored.
Health restored: 51
There is a stone staircase leading down here.
The orc warrior is too close now for your liking.
Casting: Spider Form
Confirm with . or Enter, or press ? or * to list all spells.
You miscast Spider Form.
You are very lightly contaminated with residual magic.
Nothing appears to happen.
The orc warrior shouts!
You now have 8/11 mp.
Casting: Spider Form
Confirm with . or Enter, or press ? or * to list all spells.
You miscast Spider Form.
Nothing appears to happen.
You are near starving!
You now have 5/11 mp.
Unknown command.
Casting: Spider Form
Confirm with . or Enter, or press ? or * to list all spells.
You miscast Spider Form.
Waves of light ripple over your body.
You now have 2/11 mp.
Casting: Spider Form
Confirm with . or Enter, or press ? or * to list all spells.
You don't have enough magic to cast that spell.
Casting: Spider Form
Confirm with . or Enter, or press ? or * to list all spells.
You turn into a venomous arachnid creature.
Your +0 robe melds into your body.
The orc warrior closely misses you.
You now have 0/11 mp.
Unknown command.
You hit the orc warrior but do no damage.
The orc warrior is poisoned.
The orc warrior is lightly wounded.
The orc warrior hits you with a mace!
You take 17 damage, and have 34/51 hp.
MASSIVE DAMAGE!!
You hit the orc warrior but do no damage.
The orc warrior is lightly wounded.
The orc warrior hits you with a mace!!
* * * LOW HITPOINT WARNING * * *
You take 20 damage, and have 14/51 hp.
MASSIVE DAMAGE!!
You closely miss the orc warrior.
The orc warrior is lightly wounded.
The orc warrior barely misses you.
It was a potion of might.
You feel very mighty all of a sudden. The orc warrior hits you with a mace.
* * * LOW HITPOINT WARNING * * *
You take 2 damage, and have 12/51 hp.
You bite the orc warrior!
The orc warrior is heavily wounded.
You completely miss the orc warrior.
The orc warrior is heavily wounded.
The orc warrior closely misses you.
You hit the orc warrior.
The orc warrior looks even sicker.
The orc warrior is heavily wounded.
The orc warrior hits you with a mace!
* * * LOW HITPOINT WARNING * * *
You take 8 damage, and have 4/51 hp.
It was a potion of lignification.
Your transformation has ended.
Your +0 robe unmelds from your body.
You turn into a tree.
Your +0 robe melds into your body.
Your roots penetrate the ground.
You block the orc warrior's attack.
You now have 6/76 hp.
You hit the orc warrior.
The orc warrior is almost dead.
You hit the orc warrior but do no damage.
The orc warrior is almost dead.
The orc warrior hits you with a mace!
You die... █.÷÷......... █..██████.... █..█ █.... █..█ ███.█ █..█ █.█ ████████████

█..█ █.. █..........████
█..█ ███
█.████████....███████..██
█.█ █.....█....o♣.......█
█.█ █.████....█████.█.█.█
█.███.██ █.████ █.█.█.█
█.██...███.█ █.█.█.████
█.█.....██.█ █........█
██ █........█.█
█...█.██.█ █.
█..........█
█...█.██.█████.
██.......███
█>............. ██.....██
█..████..██████


You could see an orc warrior.

Vanquished Creatures
  An ice beast (D:5)
  A sky beast (D:5)
  2 scorpions (D:4)
  A water moccasin skeleton (D:5)
  A vampire bat (D:2)
  A hound (D:5)
  Jessica (D:2)
  3 iguanas
  A worker ant (D:5)
  A hound skeleton (D:3)
  3 gnolls (D:5)
  7 adders
  A howler monkey skeleton (D:5)
  3 oozes
  A worm (D:3)
  3 dart slugs
  3 leopard geckos
  9 orcs
  7 bats
  4 bat skeletons (D:2)
  2 bat zombies (D:2)
  4 giant cockroaches
  11 goblins
  5 hobgoblins
  9 jackals
  2 quokkas
  10 frilled lizards
  8 kobolds
  3 rats
108 creatures vanquished.

Notes
Turn   | Place    | Note
-------+----------+-------------------------------------------
     0 | D:1      | Goblin1989 the Demonspawn Transmuter began the quest for the Orb.
     0 | D:1      | Reached XP level 1. HP: 15/15 MP: 3/3
     9 | D:1      | Noticed a bullfrog
   224 | D:1      | Reached skill level 3 in Unarmed Combat
   252 | D:1      | Gained mutation: You have sharp fingernails. [demonic ancestry]
   252 | D:1      | Reached XP level 2. HP: 21/21 MP: 3/5
   421 | D:1      | Learned a level 2 spell: Sticks to Snakes
   966 | D:1      | Gained mutation: When seriously injured, your bleeding wounds create armour. (AC +0) [demonic ancestry]
   966 | D:1      | Reached XP level 3. HP: 21/26 MP: 6/6
  1569 | D:2      | Learned a level 3 spell: Spider Form
  1975 | D:2      | Gained mutation: You have very sharp fingernails. [demonic ancestry]
  1975 | D:2      | Reached XP level 4. HP: 12/32 MP: 7/7
  1976 | D:2      | Noticed Jessica
  1987 | D:2      | Killed Jessica
  2291 | D:2      | Reached skill level 4 in Unarmed Combat
  2503 | D:2      | Found a runed door.
  2761 | D:2      | Found an ancient bone altar of Kikubaaqudgha.
  2772 | D:2      | Gained mutation: You have claws for hands. [demonic ancestry]
  2772 | D:2      | Reached XP level 5. HP: 26/38 MP: 8/8
  2978 | D:2      | Noticed Sigmund
  3377 | D:3      | Found a snail-covered altar of Cheibriados.
  3858 | D:3      | Became a worshipper of Cheibriados the Contemplative
  4668 | D:4      | Found a staircase to the Ecumenical Temple.
  4712 | D:4      | Reached XP level 6. HP: 29/44 MP: 9/9
  5139 | D:4      | Reached skill level 1 in Stealth
  5450 | D:4      | Noticed Natasha
  5888 | D:5      | Entered Level 5 of the Dungeon
  5891 | D:5      | Noticed an ice beast
  6139 | D:5      | Found an iron altar of Okawaru.
  6355 | D:5      | Learned a level 4 spell: Ice Form
  6401 | D:5      | Killed an ice beast
  6401 | D:5      | Gained mutation: You are slightly more attuned to the shadows. [demonic ancestry]
  6401 | D:5      | Reached XP level 7. HP: 47/51 MP: 7/11
  6455 | D:5      | Found Syraug's Book Shop.
  6467 | D:5      | Reached skill level 1 in Shields
  6592 | D:5      | Reached * piety under Cheibriados
  6993 | D:5      | Found a runed door.
  7128 | D:5      | Reached skill level 5 in Unarmed Combat
  7658 | D:5      | Slain by an orc warrior

Skill      XL: |  1  2  3  4  5  6  7 |
---------------+----------------------+-----
Unarmed Combat | 3 4 5 |  5.0
Transmutations | 2 3 |  3.7
Dodging        | 2 3 |  3.0
Fighting       | 2 |  2.6
Stealth        | 1 2 |  2.2
Shields        | 1 |  1.2
Spellcasting   | 3 |  3.1
Armour         | |  0.8
Ice Magic      | |  0.2

Action                   |  1- 3 |  4- 6 |  7- 9 || total
-------------------------+-------+-------+-------++-------
Melee: Unarmed           |   114 |   170 |    69 ||   353
       Kick              |     5 |     5 |       ||    10
       Headbutt          |     2 |     2 |       ||     4
       Punch             |       |     2 |     1 ||     3
 Cast: Beastly Appendage |     7 |     2 |       ||     9
       Spider Form       |       |     5 |     2 ||     7
  Use: Scroll            |       |     3 |     1 ||     4
       Potion            |       |       |     2 ||     2
 Stab: Sleeping          |     1 |     1 |     4 ||     6
  Eat: Chunk             |     2 |    10 |     1 ||    13
       Ration            |       |     2 |       ||     2
Armor: Robe              |    21 |    23 |     4 ||    48
       Ring mail         |       |     3 |       ||     3
Dodge: Dodged            |    70 |   112 |    48 ||   230
Block: Shield            |       |     4 |       ||     4
       Other             |       |     2 |    10 ||    12

Vault maps used:
D:1:      evilmike_arrival_come_back
D:2:      kennysheep_vampire_church, first_ration, fountainhead, uniq_sigmund,
          uniq_crazy_yiuf_cottage, uniq_jessica
D:3:      cheibriados_altar_1
D:4:      temple_hall, uniq_natasha
D:5:      okawaru_altar_gauntlet_db, serial_shops, shop, lightli_church_of_beogh
